 Dungeon Sprint DCSS version 0.21-a0-364-gbd1fde4 (webtiles) character file.

46151 Kidiri the Bludgeoner (level 14, -4/143 HPs)
             Began as a Troll Hunter on Oct 14, 2017.
             Was the Champion of Trog.
             Killed from afar by an ice dragon (23 damage)
             ... with a blast of cold
             ... in the Dungeon (Sprint IX: "|||||||||||||||||||||||||||||").
             The game lasted 00:26:14 (4130 turns).

Kidiri the Bludgeoner (Troll Hunter)                Turns: 4130, Time: 00:26:15

Health: -4/143     AC: 13    Str: 25    XL:     14   Next: 3%
Magic:  13/13      EV: 18    Int:  5    God:    Trog [******]
Gold:   449        SH:  0    Dex: 12    Spells: 13/13 levels left

rFire    + . .     SeeInvis .   r - +8 giant club of Mysticism {speed, rPois}
rCold    . . .     Gourm    +   (shield currently unavailable)
rNeg     . . .     Faith    .   E - +2 robe of the Onion {rF+ MR+ rCorr}
rPois    +         Spirit   .   (helmet restricted)
rElec    .         Reflect  .   O - +1 cloak
rCorr    +         Harm     .   (gloves unavailable)
MR       +++++     Rnd*Rage +   (boots unavailable) Stlth +.........NoTele +
                                (no amulet)
HPRegen  1.73/turn              o - +2 ring of protection
MPRegen  0.13/turn              b - ring of poison resistance

@: berserk cooldown, regenerating, slowed, very slow
A: unfitting armour, claws 3, berserk 1, dopey 1, fast metabolism 3, frail 1,
gourmand, magic resistance 1, regeneration 1, shaggy fur 1, tough skin 2
a: Berserk, Trog's Hand, Brothers in Arms, Burn Spellbooks, Renounce Religion


You were in the Dungeon.
You worshipped Trog.
Trog was exalted by your worship.
You were full.

You visited 1 branch You collected 1917 gold pieces.
You spent 1468 gold pieces at shops.

Inventory:

Hand Weapons
 r - the +8 giant club of Mysticism (weapon) {speed, rPois}
   (Trog gifted it to you in the Dungeon)

   Attacks with this weapon are significantly faster.
   It protects you from poison.
 F - a +1 demon whip of draining
Missiles
 c - 40 large rocks (quivered)
 d - 2 throwing nets
 w - 7 silver javelins
 C - 19 javelins of returning
Armour
 E - the +2 robe of the Onion (worn) {rF+ MR+ rCorr}
   (You bought it in a shop in the Dungeon)

   It protects you from fire.
   It affects your resistance to hostile enchantments.
   It protects you from acid and corrosion.
 O - a +1 cloak (worn)
Jewellery
 b - a ring of poison resistance (right claw)
 o - a +2 ring of protection (left claw)
Wands
 n - a wand of iceblast (7/15)
Scrolls
 k - 4 scrolls of blinking
 m - 4 scrolls of remove curse
 t - 2 scrolls of identify
 u - 3 scrolls of fear
 B - 2 scrolls of recharging
 D - 5 scrolls of enchant armour
 Y - 2 scrolls of enchant weapon
Potions
 a - a potion of berserk rage
 e - 12 potions of curing
 g - 2 potions of heal wounds
 h - 5 potions of haste
 i - 4 potions of magic
 j - a potion of might
 l - a potion of invisibility
 A - 3 potions of agility
 X - a potion of brilliance
Comestibles
 f - 14 bread rations
 v - 40 fruits
 x - 13 meat rations


   Skills:
 * Level 15.5 Fighting
 * Level 16.2 Maces & Flails
 + Level 12.8 Throwing
 * Level 15.4 Armour
 * Level 15.5 Dodging
 - Level 0.3 Stealth


You had 13 spell levels left.
You didn't know any spells.

Dungeon Overview and Level Annotations

Branches:
Dungeon (1/1)

Altars:
Cheibriados
Dithmenos
Elyvilon
Fedhas
Gozag
Hepliaklqana
Kikubaaqudgha
Makhleb
Nemelex Xobeh
Okawaru
Qazlal
Ru
Sif Muna
Trog
Uskayaw
Vehumet
Wu Jian
Xom
Yredelemnul
Zin
The Shining One
Beogh
Jiyva
Lugonu

Shops:
D ![?*


Innate Abilities, Weirdness & Mutations

You are too large for most types of armour.
You have claws for hands.
Your metabolism is lightning-fast.
You like to eat raw meat.
Your natural rate of healing is unusually fast.
You are covered in fur. (AC +1)
You have very tough skin. (AC +2)
You tend to lose your temper in combat.
You are dopey. (Int -2)
You are frail. (-10% HP)
You are resistant to hostile enchantments. (MR+)


Message History

Anything else - Cancel.
Guard this area!
The ice dragon breathes frost at you. The blast of cold hits your cyclops.
The blast of cold hits you!
* * * LOW HITPOINT WARNING * * *
Your cyclops hits the ice dragon! x2; The ice dragon bites your cyclops!
The ice dragon claws your cyclops.
Your cyclops dies!
Your cyclops's corpse disappears in a puff of smoke!
Unknown command.
An ettin comes into view.
It is wielding a great mace and a dire flail.
Items here: ( )) † a battleaxe of freezing; an uncursed arbalest; 21 bolts; a frost giant corpse Unknown command.
The deep troll earth mage gestures at you while chanting.
The door shatters!
The blast of rock fragments hits you!
* * * LOW HITPOINT WARNING * * *
The ice dragon breathes frost at you. The blast of cold hits you!
You die...

▓▓▓▓▓▓▓▓▓▓▓▓▓▓▓▓▓▓▓▓▓▓▓▓▓▓▓▓
...C(..TD[)@.....(..........
▓▓▓▓▓▓▓▓▓▓▓▓▓▓▓▓▓▓▓▓▓▓▓▓▓▓▓▓▓▓▓▓▓
.................................
▓▓▓▓▓▓▓▓▓▓▓▓▓▓▓▓▓▓▓▓▓▓▓▓▓▓▓▓▓▓▓▓▓
........'.........'..............
▓▓▓▓▓▓▓▓▓▓▓▓▓▓▓▓▓▓▓▓▓▓▓▓▓▓▓▓▓▓▓▓▓
.................................
▓▓▓▓▓▓▓▓▓▓▓▓▓▓▓▓▓▓▓▓▓▓▓▓▓▓▓▓▓▓▓▓▓
........................'........


You could see an ice dragon and a deep troll earth mage.

Vanquished Creatures
  Saint Roka (D)
  A thorn hunter (D)
  2 frost giants (D)
  A fire giant (D)
  A spark wasp (D)
  2 merfolk impalers (D)
  A fire dragon (D)
  3 ettins (D)
  2 great orbs of eyes (D)
  2 hydras (D)
  A ghost crab (D)
  A naga warrior (D)
  An ice dragon (D)
  A two-headed ogre (D)
  A satyr (D)
  An alligator (D)
  4 orc high priests (D)
  A naga sharpshooter (D)
  A shambling mangrove (D)
  2 naga ritualists (D)
  5 lindwurms (D)
  A harpy (D)
  8 orc knights (D)
  A wolf spider (D)
  A manticore (D)
  A moth of wrath (D)
  A black mamba (D)
  A guardian serpent (D)
  Psyche (D)
  A water nymph (D)
  2 naga magi (D)
  3 spiny frogs (D)
  A kobold demonologist (D)
  2 yaktaurs (D)
  2 komodo dragons (D)
  2 demonic crawlers (D)
  A jumping spider (D)
  3 merfolk (D)
  2 tyrant leeches (D)
  A bog body (D)
  A hornet (D)
  2 hippogriffs (D)
  2 redbacks (D)
  2 yaks (D)
  Grum (D)
  2 basilisks (D)
  Eustachio (D)
  A vampire mosquito (D)
  A naga (D)
  2 water moccasins (D)
  5 porcupines (D)
  9 orc warriors (D)
  An ice beast (D)
  An eye of draining (D)
  2 wolves (D)
  5 crocodiles (D)
  A bullfrog (D)
  2 scorpions (D)
  3 orc priests (D)
  4 orc wizards (D)
  2 worker ants (D)
  3 adders (D)
  A shadow imp (D)
  An adder skeleton (D)
  An adder zombie (D)
  A worm (D)
  10 orcs (D)
  A bat skeleton (D)
  A giant cockroach (D)
  A hobgoblin (D)
  A jackal (D)
  A ball python (D)
  2 goblins (D)
  A quokka skeleton (D)
  A quokka zombie (D)
  A briar patch (D)
147 creatures vanquished.

Vanquished Creatures (collateral kills)
  A frost giant (D)
  An entropy weaver (D)
  An ice dragon (D)
  A deep troll shaman (D)
  A hell knight (D)
  4 orc knights (D)
  A tarantella (D)
  An orc warrior (D)
  An ogre (shapeshifter) (D)
  A ball python skeleton (D)
13 creatures vanquished.

Vanquished Creatures (others)
  2 hornets (D)
  A tyrant leech (D)
  A briar patch (D)
4 creatures vanquished.

Grand Total: 164 creatures vanquished

Notes
Turn   | Place    | Note
-------+----------+-------------------------------------------
     0 | D        | Kidiri the Troll Hunter began the quest for the Orb.
     0 | D        | Reached XP level 1. HP: 19/19 MP: 0/0
    16 | D        | Reached skill level 1 in Armour
    45 | D        | Noticed a worker ant
    49 | D        | Reached XP level 2. HP: 27/29 MP: 1/1
    52 | D        | Reached XP level 3. HP: 25/37 MP: 2/2
    73 | D        | Found a roughly hewn altar of Beogh.
    73 | D        | Found a snail-covered altar of Cheibriados.
    73 | D        | Found a shadowy altar of Dithmenos.
    73 | D        | Found a white marble altar of Elyvilon.
    73 | D        | Found a blossoming altar of Fedhas.
    73 | D        | Found an opulent altar of Gozag.
    74 | D        | Found a hazy altar of Hepliaklqana.
    75 | D        | Found a viscous altar of Jiyva.
    76 | D        | Found an ancient bone altar of Kikubaaqudgha.
    77 | D        | Found a corrupted altar of Lugonu.
    78 | D        | Found a burning altar of Makhleb.
    79 | D        | Found a sparkling altar of Nemelex Xobeh.
    80 | D        | Found an iron altar of Okawaru.
    81 | D        | Found a stormy altar of Qazlal.
    82 | D        | Found a sacrificial altar of Ru.
    83 | D        | Found a deep blue altar of Sif Muna.
    84 | D        | Found a bloodstained altar of Trog.
    85 | D        | Found a hide-covered altar of Uskayaw.
    86 | D        | Found a radiant altar of Vehumet.
    87 | D        | Found an ornate altar of the Wu Jian Council.
    88 | D        | Found a shimmering altar of Xom.
    89 | D        | Found a basalt altar of Yredelemnul.
    90 | D        | Found a glowing silver altar of Zin.
    91 | D        | Found a glowing golden altar of the Shining One.
    92 | D        | Became a worshipper of Trog the Wrathful
   135 | D        | Got the +2 halberd "Ihetob" {chop, rC+ Str+2 Dex+5}
   257 | D        | Noticed a scorpion
   257 | D        | Noticed a two-headed ogre
   257 | D        | Noticed an ice beast
   269 | D        | Killed an ice beast
   269 | D        | Reached skill level 2 in Maces & Flails
   269 | D        | Reached XP level 4. HP: 49/49 MP: 3/3
   269 | D        | Reached XP level 5. HP: 55/55 MP: 4/4
   277 | D        | Killed a two-headed ogre
   277 | D        | Reached * piety under Trog
   277 | D        | Reached skill level 6 in Maces & Flails
   277 | D        | Reached XP level 6. HP: 38/71 MP: 5/5
   277 | D        | Reached XP level 7. HP: 42/78 MP: 6/6
   284 | D        | Reached ** piety under Trog
   351 | D        | Noticed a yak
   351 | D        | Noticed a hippogriff
   362 | D        | Killed a hippogriff
   362 | D        | Reached XP level 8. HP: 87/87 MP: 7/7
   367 | D        | Reached skill level 7 in Maces & Flails
   368 | D        | Reached *** piety under Trog
   629 | D        | Gained mutation: You have a pair of small antennae on your head. [potion of mutation]
   629 | D        | Gained mutation: You are resistant to hostile enchantments. (MR+) [potion of mutation]
   823 | D        | Noticed a spiny frog
   823 | D        | Noticed a komodo dragon
   835 | D        | Killed a komodo dragon
   837 | D        | Noticed a hippogriff
   840 | D        | Killed a spiny frog
   840 | D        | Reached **** piety under Trog
   840 | D        | Reached skill level 8 in Maces & Flails
   840 | D        | Reached XP level 9. HP: 97/97 MP: 8/8
   887 | D        | Reached ***** piety under Trog
   889 | D        | Received a gift from Trog
  1019 | D        | Noticed a komodo dragon
  1024 | D        | Noticed a six-headed hydra
  1024 | D        | Reached skill level 9 in Maces & Flails
  1027 | D        | Received a gift from Trog
  1029 | D        | Killed a komodo dragon
  1033 | D        | Killed a six-headed hydra
  1033 | D        | Received a gift from Trog
  1033 | D        | Reached XP level 10. HP: 49/110 MP: 9/9
  1133 | D        | Noticed a lindwurm
  1133 | D        | Noticed a lindwurm
  1133 | D        | Noticed a lindwurm
  1133 | D        | Noticed a lindwurm
  1135 | D        | Killed a lindwurm
  1135 | D        | Received a gift from Trog
  1135 | D        | Reached skill level 10 in Fighting
  1135 | D        | Reached skill level 10 in Maces & Flails
  1135 | D        | Reached skill level 10 in Dodging
  1140 | D        | Killed a lindwurm
  1140 | D        | Reached skill level 10 in Armour
  1144 | D        | Killed a lindwurm
  1144 | D        | Received a gift from Trog
  1145 | D        | Noticed a lindwurm
  1148 | D        | Killed a lindwurm
  1278 | D        | Killed a lindwurm
  1579 | D        | Noticed Grum
  1586 | D        | Reached skill level 11 in Maces & Flails
  1589 | D        | Killed Grum
  1609 | D        | Lost mutation: You are resistant to hostile enchantments. (MR+) [potion of mutation]
  1609 | D        | Lost mutation: You have a pair of small antennae on your head. [potion of mutation]
  1609 | D        | Gained mutation: You are dopey. (Int -2) [potion of mutation]
  1609 | D        | Gained mutation: You tend to lose your temper in combat. [potion of mutation]
  1609 | D        | Gained mutation: You are resistant to hostile enchantments. (MR+) [potion of mutation]
  1684 | D        | Noticed an orc knight
  1686 | D        | Received a gift from Trog
  1687 | D        | Reached ****** piety under Trog
  1695 | D        | Killed an orc knight
  1695 | D        | Received a gift from Trog
  1695 | D        | Reached XP level 11. HP: 120/120 MP: 10/10
  1710 | D        | Received a gift from Trog
  1923 | D        | Noticed an orc knight
  1924 | D        | Noticed an ettin
  1928 | D        | Received a gift from Trog
  1929 | D        | Killed an ettin
  1929 | D        | Received a gift from Trog
  1935 | D        | Noticed an orc knight
  1935 | D        | Killed an orc knight
  1950 | D        | Killed an orc knight
  1953 | D        | Received a gift from Trog
  1990 | D        | Got a blackened great mace {god gift}
  1991 | D        | Identified the +0 great mace of Inflation {speed, rElec rF- Dex+3} (Trog gifted it to you in the Dungeon)
  2085 | D        | Found Weostril's General Store.
  2085 | D        | Noticed an orc knight
  2085 | D        | Noticed an orc knight
  2085 | D        | Noticed an orc high priest
  2085 | D        | Noticed an orc knight
  2085 | D        | Noticed an orc high priest
  2087 | D        | Noticed an orc knight
  2090 | D        | Killed an orc high priest
  2090 | D        | Reached skill level 12 in Maces & Flails
  2092 | D        | Noticed an orc knight
  2095 | D        | Killed an orc high priest
  2095 | D        | Received a gift from Trog
  2095 | D        | Reached skill level 10 in Throwing
  2105 | D        | Killed an orc knight
  2106 | D        | Killed an orc knight
  2107 | D        | Found Ywky's Magic Scroll Shop.
  2109 | D        | Noticed an orc knight
  2109 | D        | Killed an orc knight
  2110 | D        | Found Peyjilaj's Antique Armour Boutique.
  2110 | D        | Noticed an orc knight
  2113 | D        | Killed an orc knight
  2113 | D        | Received a gift from Trog
  2118 | D        | Noticed an orc knight
  2120 | D        | Killed an orc knight
  2122 | D        | Killed an orc knight
  2122 | D        | Received a gift from Trog
  2123 | D        | Killed an orc knight
  2125 | D        | Killed an orc knight
  2194 | D        | Found Ret Vuav's Distillery.
  2199 | D        | Noticed an orc high priest
  2201 | D        | Noticed an orc knight
  2202 | D        | Noticed an orc high priest
  2202 | D        | Killed an orc high priest
  2214 | D        | Killed an orc knight
  2217 | D        | Killed an orc high priest
  2217 | D        | Reached XP level 12. HP: 76/133 MP: 11/11
  2369 | D        | Bought 2 potions of curing for 72 gold pieces
  2369 | D        | Bought a potion of haste for 120 gold pieces
  2369 | D        | Bought a potion of curing for 36 gold pieces
  2369 | D        | Bought a potion of curing for 36 gold pieces
  2369 | D        | Bought a potion of agility for 48 gold pieces
  2373 | D        | Bought a scroll of recharging for 133 gold pieces
  2373 | D        | Bought a scroll of blinking for 105 gold pieces
  2373 | D        | Bought a scroll of recharging for 133 gold pieces
  2373 | D        | Bought a scroll of enchant armour for 105 gold pieces
  2375 | D        | Bought the +2 robe of the Onion {rF+ MR+ rCorr} for 394 gold pieces
  2375 | D        | Bought 2 potions of haste for 220 gold pieces
  2375 | D        | Bought 2 potions of curing for 66 gold pieces
  2510 | D        | Noticed Psyche
  2511 | D        | Killed Psyche
  2511 | D        | Received a gift from Trog
  2511 | D        | Reached skill level 13 in Maces & Flails
  2528 | D        | Noticed Eustachio
  2534 | D        | Killed Eustachio
  2792 | D        | Noticed a five-headed hydra
  2796 | D        | Received a gift from Trog
  2797 | D        | Noticed an ice dragon
  2798 | D        | Killed a five-headed hydra
  2798 | D        | Received a gift from Trog
  2799 | D        | Noticed an ettin
  2799 | D        | Received a gift from Trog
  2809 | D        | Killed an ice dragon
  2810 | D        | Killed an ettin
  2810 | D        | Received a gift from Trog
  2813 | D        | Noticed an ice dragon
  2815 | D        | Noticed a deep troll shaman
  2817 | D        | Killed an ice dragon
  2817 | D        | Received a gift from Trog
  2819 | D        | Killed a deep troll shaman
  2822 | D        | Noticed a frost giant
  2825 | D        | Killed a frost giant
  2825 | D        | Received a gift from Trog
  2844 | D        | Gained mutation: You are frail. (-10% HP) [mutagenic meat]
  3093 | D        | Noticed a naga warrior
  3101 | D        | Killed a naga warrior
  3102 | D        | Received a gift from Trog
  3108 | D        | Reached skill level 14 in Maces & Flails
  3115 | D        | Received a gift from Trog
  3302 | D        | Received a gift from Trog
  3309 | D        | Received a gift from Trog
  3313 | D        | Received a gift from Trog
  3324 | D        | Noticed an entropy weaver
  3331 | D        | Killed an entropy weaver
  3331 | D        | Received a gift from Trog
  3508 | D        | Noticed a merfolk impaler
  3508 | D        | Noticed a merfolk impaler
  3511 | D        | Reached XP level 13. HP: 61/130 MP: 12/12
  3513 | D        | Received a gift from Trog
  3521 | D        | Killed a merfolk impaler
  3530 | D        | Killed a merfolk impaler
  3530 | D        | Received a gift from Trog
  3539 | D        | Received a gift from Trog
  3670 | D        | Noticed a thorn hunter
  3673 | D        | Received a gift from Trog
  3684 | D        | Reached skill level 15 in Maces & Flails
  3694 | D        | Killed a thorn hunter
  3700 | D        | Received a gift from Trog
  3723 | D        | Got a smoking giant club {god gift}
  3724 | D        | Identified the +8 giant club of Mysticism {speed, rPois} (Trog gifted it to you in the Dungeon)
  3864 | D        | Noticed Saint Roka
  3881 | D        | Killed Saint Roka
  3883 | D        | Received a gift from Trog
  4094 | D        | Noticed a frost giant
  4094 | D        | Noticed a spark wasp
  4094 | D        | Noticed an ettin
  4095 | D        | Noticed a fire giant
  4099 | D        | Killed an ettin
  4099 | D        | Received a gift from Trog
  4099 | D        | Reached skill level 15 in Fighting
  4099 | D        | Reached skill level 15 in Dodging
  4101 | D        | Noticed a fire dragon
  4105 | D        | Killed a spark wasp
  4105 | D        | Reached skill level 15 in Armour
  4106 | D        | Killed a frost giant
  4107 | D        | Noticed a frost giant
  4111 | D        | Killed a fire giant
  4111 | D        | Received a gift from Trog
  4111 | D        | Reached skill level 16 in Maces & Flails
  4115 | D        | Killed a fire dragon
  4120 | D        | Killed a frost giant
  4120 | D        | Reached XP level 14. HP: 118/143 MP: 13/13
  4130 | D        | Killed from afar by an ice dragon

Vault maps used:
D:        linesprint

Skill      XL: |  1  2  3  4  5  6  7  8  9 10 11 12 13 |
---------------+----------------------------------------+-----
Fighting       | 2 3 4 7 8 9 11 12 13 15 | 15.5
Armour         | 1 2 4 6 7 8 9 10 12 13 15 | 15.4
Dodging        | 2 3 4 7 8 9 11 12 13 15 | 15.5
Throwing       | 4 6 7 8 9 10 11 12 | 12.8
Maces & Flails | 2 6 8 9 11 12 14 16 | 16.2
Stealth        | |  0.3

Action                   |  1- 3 |  4- 6 |  7- 9 | 10-12 | 13-15 || total
-------------------------+-------+-------+-------+-------+-------++-------
Melee: Unarmed           |    22 |       |       |       |       ||    22
       Dire flail        |     7 |     8 |    84 |    57 |       ||   156
       Great mace        |       |       |       |    28 |       ||    28
       Demon whip        |       |       |       |    28 |    43 ||    71
       Giant club        |       |       |       |       |    29 ||    29
Throw: Large rock        |     7 |       |     3 |    24 |    10 ||    44
       Throwing net      |     3 |       |       |       |       ||     3
       Javelin           |       |       |     8 |    57 |    16 ||    81
Invok: Trog's Hand       |       |       |     4 |    11 |     3 ||    18
       Berserk           |       |       |     3 |     9 |     4 ||    16
       Brothers in Arms  |       |       |       |     4 |     1 ||     5
  Use: Potion            |     2 |       |     1 |     2 |     1 ||     6
 Stab: Sleeping          |       |       |     1 |       |       ||     1
  Eat: Chunk             |     8 |       |    10 |    37 |    15 ||    70
Armor: Robe              |    14 |     1 |    40 |    40 |    16 ||   111
Dodge: Dodged            |    17 |     3 |    47 |   114 |    42 ||   223

Table legend:
 A = Spawn XP
 B = Non-spawn XP
 C = Spawn XP percentage of total XP
 D = Spawn monster count
 E = Non-spawn monster count
 F = Spawn count percentage of total count
 G = Total turns spent on level
                    A         B        C        D         E        F      G
               +---------+---------+-------+---------+---------+-------+---------
         Total |       0 |   65930 |   0.0 |       0 |     162 |   0.0 |  4130
               +---------+---------+-------+---------+---------+-------+---------
             D |       0 |   65930 |   0.0 |       0 |     162 |   0.0 |  4130
               +---------+---------+-------+---------+---------+-------+---------
